 Dungeon Crawl Stone Soup version 0.31-a0-154-g56bf346678 (webtiles) character file.

Game seed: 10350666149559593286

334184 frimble the Unseen (level 21, -12/198 HPs)
             Began as an Octopode Warper on June 11, 2023.
             Was the Champion of Cheibriados.
             Mangled by a deep troll earth mage (23 damage)
             ... on level 1 of the Vaults.
             The game lasted 01:25:48 (43826 turns).

frimble the Unseen (Octopode Warper)               Turns: 43826, Time: 01:25:49

Health: -12/198    AC: 38    Str: 39    XL:     21   Next: 83%
Magic:  29/34      EV: 29    Int: 35    God:    Cheibriados [******]
Gold:   3426       SH:  0    Dex: 28    Spells: 22/45 levels left

rFire   + .          .
                       - Unarmed
rCold   + + .        (no shield)
rNeg    + + .        N - +5 hat of the Apothecary {rPois SInv}
rPois   ∞            k - amulet of regeneration
rElec   +            R - ring of willpower
rCorr   .            q - ring "Buezaal" {Fly rElec rC+ Slay+2}
SInv    +            v - ring of willpower
Will    +++..        u - ring "Feujoum" {Fly AC+4 Str+3 SInv}
Stlth   ++++++++     S - ring of protection from cold
HPRegen 1.33/turn    U - ring of positive energy
MPRegen 0.24/turn    F - +6 ring of strength
                     Z - ring of protection from fire

%: no passive effects
@: statue-form, flying, very slightly contaminated, very slow
A: slow and powerful, torment resistance 1, boosted hp, almost no armour,
amphibious, 8 rings, camouflage 1, (gelatinous body 1), (nimble swimmer 1),
tentacles, low MP 1, mutation resistance 1
}: 2/15 runes: barnacled, gossamer
a: End Transformation, Renounce Religion, Bend Time, Temporal Distortion,
Slouch, Step From Time


You were on level 1 of the Vaults.
You worshipped Cheibriados.
Cheibriados was exalted by your worship.
You were a living statue of rough stone.
You visited 7 branches of the dungeon, and saw 34 of its levels.
You visited the Abyss 2 times.
You also visited: Ossuary, Gauntlet, Ice Cave and Wizlab.

You collected 4561 gold pieces.
You spent 1135 gold pieces at shops.

Inventory:

Missiles
 a - 5 throwing nets
 G - 18 javelins
Armour
 M - a +0 kite shield
 N - the +5 hat of the Apothecary (worn) {rPois SInv}
   (You acquired it on level 1 of the Lair of Beasts)

   rPois:     It protects you from poison.
   SInv:      It lets you see invisible.
Jewellery
 k - an amulet of regeneration (around mantle)
 p - an amulet of magic regeneration
 q - the ring "Buezaal" (right tentacle) {Fly rElec rC+ Slay+2}
   (You found it on level 6 of the Dungeon)

   [ring of protection from cold]

   Slay:      It affects your accuracy & damage with ranged weapons and melee
   (+2).
   rC:        It protects you from cold.
   rElec:     It insulates you from electricity.
   Fly:       It grants you flight.
 u - the ring "Feujoum" (on tentacle) {Fly AC+4 Str+3 SInv}
   (You bought it in a shop on level 7 of the Dungeon)

   [ring of protection]

   AC:        It affects your AC (+4).
   Str:       It affects your strength (+3).
   SInv:      It lets you see invisible.
   Fly:       It grants you flight.
 v - a ring of willpower (on tentacle)
 E - a ring of resist corrosion
 F - a +6 ring of strength (on tentacle)
 R - a ring of willpower (left tentacle)
 S - a ring of protection from cold (on tentacle)
 U - a ring of positive energy (on tentacle)
 Z - a ring of protection from fire (on tentacle)
Wands
 j - a wand of polymorph (3)
 t - a wand of flame (79)
 y - a wand of acid (7)
 A - a wand of roots (29)
 C - a wand of charming (12)
Scrolls
 d - 9 scrolls of amnesia
 e - 19 scrolls of teleportation
 f - 9 scrolls of enchant armour
 r - 8 scrolls of immolation
 x - a scroll of fear
 z - 11 scrolls of fog
 B - 4 scrolls of summoning
 D - 10 scrolls of enchant weapon
 H - 3 scrolls of silence
 J - 3 scrolls of brand weapon
 K - 6 scrolls of blinking
 L - 25 scrolls of identify
 P - 5 scrolls of poison
 Q - 4 scrolls of magic mapping
 W - 8 scrolls of vulnerability
Potions
 c - 19 potions of curing
 g - 8 potions of might
 h - 4 potions of brilliance
 i - 5 potions of attraction
 l - 10 potions of heal wounds
 m - 6 potions of invisibility
 n - 8 potions of enlightenment
 o - a potion of lignification
 s - 4 potions of cancellation
 w - 6 potions of magic
 I - 8 potions of ambrosia
 O - 9 potions of mutation
 T - 3 potions of berserk rage
Miscellaneous
 b - a tin of tremorstones (2/2)
 V - a lightning rod (4/4)
 X - a phantom mirror
 Y - a phial of floods


   Skills:
 + Level 15.8 Fighting
 - Level 1.0 Throwing
 - Level 16.0 Dodging
 + Level 16.3 Stealth
 + Level 16.2 Unarmed Combat
 + Level 12.7 Spellcasting
 - Level 4.0 Summonings
 - Level 5.0 Translocations
 - Level 10.0 Transmutations
 - Level 5.4 Ice Magic
 - Level 4.0 Air Magic
 + Level 14.5 Earth Magic
 - Level 10.2 Invocations
 - Level 8.7 Evocations


You had 22 spell levels left.
You knew the following spells:

 Your Spells              Type           Power      Damage    Failure   Level
a - Summon Lightning Spi  Summ/Air       50%        N/A       3%          4
b - Blade Hands           Tmut           37%        N/A       1%          5
c - Apportation           Tloc           100%       N/A       1%          1
d - Ozocubu's Armour      Ice            57%        N/A       1%          3
e - Statue Form           Tmut/Erth      55%        N/A       1%          6
f - Passwall              Tmut/Erth      69%        N/A       1%          2
A - Blink                 Tloc           100%       N/A       1%          2

Your spell library contained the following spells:

 Spells                   Type           Power      Damage    Failure   Level
 Beastly Appendage        Tmut           100%       N/A       1%          1
 Foxfire                  Conj/Fire      88%        2x1d8     1%          1
 Freeze                   Ice            100%       1d10      1%          1
 Necrotise                Necr           88%        1d8       1%          1
 Shock                    Conj/Air       100%       1d9       1%          1
 Summon Small Mammal      Summ           100%       N/A       1%          1
 Ensorcelled Hibernation  Hex/Ice        82%        N/A       1%          2
 Lesser Beckoning         Tloc           100%       N/A       1%          2
 Momentum Strike          Conj/Tloc      78%        3d10      1%          2
 Poisonous Vapours        Pois/Air       72%        N/A       1%          2
 Static Discharge         Conj/Air       72%        2-5/arc   1%          2
 Wereblood                Tmut           75%        N/A       1%          2
 Call Canine Familiar     Summ           50%        N/A       1%          3
 Frozen Ramparts          Ice            100%       1d16      1%          3
 Gell's Gravitas          Tloc           55%        N/A       1%          3
 Hailstorm                Conj/Ice       41%        3d10      1%          3
 Portal Projectile        Hex/Tloc       78%        N/A       1%          3
 Spider Form              Tmut/Pois      55%        N/A       1%          3
 Stone Arrow              Conj/Erth      100%       3d13      1%          3
 Swiftness                Air            50%        N/A       1%          3
 Teleport Other           Tloc           55%        N/A       1%          3
 Vhi's Electric Charge    Tloc/Air       100%       N/A       1%          3
 Leda's Liquefaction      Hex/Erth       32%        N/A       1%          4
 Lee's Rapid Deconstruct  Erth           45%        3d22*     1%          5
 Summon Guardian Golem    Hex/Summ       36%        N/A       2%          3
 Manifold Assault         Tloc           55%        N/A       2%          4
 Borgnjor's Vile Clutch   Necr/Erth      32%        N/A       2%          5
 Mephitic Cloud           Conj/Pois/Air  31%        N/A       3%          3
 Airstrike                Air            25%        2d(4-20)  3%          4
 Dazzling Flash           Conj/Hex       44%        N/A       5%          3
 Tukima's Dance           Hex            22%        N/A       5%          3
 Irradiate                Conj/Tmut      27%        3d20      7%          5
 Summon Forest            Summ/Tloc      26%        N/A       9%          5
 Freezing Cloud           Conj/Ice/Air   22%        6-21      14%         5
 Leda's Unmaking          Conj/Erth      32%        9d6       14%         6
 Metabolic Englaciation   Hex/Ice        20%        N/A       17%         5
 Animate Dead             Necr           22%        N/A       19%         4
 Arcjolt                  Conj/Air       18%        1d28      22%         5
 Summon Mana Viper        Hex/Summ       36%        N/A       22%         5
 Dispersal                Tloc           27%        N/A       36%         6
 Eringya's Noxious Bog    Tmut/Pois      27%        N/A       36%         6
 Fireball                 Conj/Fire      11%        3d7       45%         5
 Iskenderun's Battlesphe  Conj           22%        2d8       45%         5
 Summon Cactus Giant      Summ           25%        N/A       50%         6
 Simulacrum               Ice/Necr       20%        N/A       67%         6
 Conjure Ball Lightning   Conj/Air       18%        3x3d6     77%         6
 Plasma Beam              Fire/Air       18%        2x1d29    77%         6
 Ozocubu's Refrigeration  Ice            28%        4d13      86%         7
 Death Channel            Necr           11%        N/A       96%         6
 Summon Hydra             Summ           25%        N/A       97%         7
 Orb of Destruction       Conj           11%        9d6       100%        7
 Spellforged Servitor     Conj/Summ      18%        N/A       100%        7
 Disjunction              Tloc           27%        N/A       100%        8
 Maxwell's Capacitive Co  Air            25%        ∞         100%        8


Dungeon Overview and Level Annotations

Branches:
Dungeon (15/15)            Temple (0/1) D:5            Lair (5/5) D:11
 Shoals (4/4) Lair:3       Spider (4/4) Lair:2        Slime (0/5) Lair:5
    Orc (2/2) D:10            Elf (3/3) Orc:2        Vaults (1/5) D:13
 Depths (0/4) D:15        Ossuary (visited)           IceCv (visited)
 WizLab (visited)         Gauntlet (visited)

Altars:
Ashenzari
Cheibriados
Dithmenos
Kikubaaqudgha
Nemelex Xobeh
Ru
Sif Muna
Trog
Uskayaw
Vehumet
Zin
The Shining One
Jiyva

Shops:
D:1 ?:=?   D:2 ?   D:5 (   D:7 =   D:10 *   D:15 ==(   Orc:2 ??(=   Elf:1 *
Elf:2 [*   Shoals:3 ((

Annotations:
D:3 1 runed translucent door
Lair:3 2 transporters, Pooter's ghost, journeyman MiBe
Elf:2 3 runed translucent doors


Innate Abilities, Weirdness & Mutations

You are a living statue of rough stone.
Your actions are slow, but your melee attacks are powerful.
You are resistant to unholy torment.
Your maximum health is greatly increased.
You are immune to poison.
You cannot wear most types of armour.
You are amphibious.
You can wear up to eight rings at the same time.
Your skin changes colour to match your surroundings (Stealth+).
((Your rubbery body absorbs attacks. (AC +1, EV +1)))
((You are camouflaged when in or above water. (Stealth+)))
You have tentacles for arms and can constrict up to eight enemies at once.
Your magical capacity is low. (-10% MP)
You are somewhat resistant to further mutation.


Message History

The vampire knight hits you with the +11 glaive of the Special Hosts {vamp, rF+}!
The vampire knight bites you!
The tengu reaver points at you and mumbles some strange words.
The bolt of poison hits you but does no damage.
You resist.
The bolt of poison hits the vampire knight.
The vampire knight completely resists.
You thrash the tengu reaver!!! You grab the tengu reaver.
You tentacle-slap the tengu reaver!!
The tengu reaver is almost dead.
You constrict the tengu reaver.
The vampire knight hits you but does no damage.
The vampire knight bites you but does no damage.
The tengu reaver gestures at you while chanting.
The bolt of cold misses you.
The bolt of cold hits the vampire knight!
The vampire knight resists.
You thrash the tengu reaver!!!!
You kill the tengu reaver!
Cheibriados thoroughly appreciates the change of pace.
The vampire knight hits you with the +11 glaive of the Special Hosts {vamp, rF+}!!
The vampire knight closely misses you.
The vault guard hits you with a +0 dire flail!
The ironbound convoker barely misses you.
You thrash the ironbound convoker!!!
You kill the ironbound convoker!
Cheibriados thoroughly appreciates the change of pace.
The vampire knight closely misses you.
The vampire knight completely misses you.
The vault guard barely misses you.
The vampire knight attacks as you move away!
The vampire knight hits you with the +11 glaive of the Special Hosts {vamp, rF+}!!
* * * LOW HITPOINT WARNING * * *
The vampire knight closely misses you.
The deep troll earth mage completely misses you. x2
The deep troll earth mage misses you.
The vampire knight hits you from afar with the +11 glaive of the Special Hosts {vamp, rF+}!!!
* * * LOW HITPOINT WARNING * * *
The vault guard closely misses you. The deep troll earth mage bites you!!
You die...

...# #'########
.........# .........#
∩........# .........#
.........#
############## '######
.........#
#..V.T)....... .......
.........#
#...p8........ .......
.........#
#'####'###############
.........# #
#......#..|.#....
#'########
#......'./.:'(... #.##
#################
...## ...... .>..#
...... ...##
##################
#.##
........)).[......


You could see a vault guard (strong), a vampire knight and a deep troll earth
mage (strong).

Vanquished Creatures
  The ghost of liarliar the Metallomancer, an adept GrEE of Sif Muna (Elf:3)
  An electric golem (WizLab)
  A tentacled monstrosity (Vaults:1)
  A lich (Abyss:4)
  2 deep elf blademasters (Elf:3)
  2 deep elf master archers (Elf:3)
  Gastronok (Lair:3)
  3 tentacled starspawn
  2 krakens
  A tengu reaver (Vaults:1)
  Ilsuiw (Shoals:3)
  A fire giant (Vaults:1)
  A frost giant (WizLab)
  8 ghost moths
  7 deep elf sorcerers
  2 orc warlords (Vaults:1)
  4 emperor scorpions (Spider:4)
  2 vault wardens (Vaults:1)
  A broodmother (Spider:1)
  2 stone giants (Vaults:1)
  4 war gargoyles
  An angel (WizLab)
  5 deep elf elementalists (Elf:3)
  3 ironbound preservers (Vaults:1)
  3 ironbound thunderhulks (WizLab)
  4 very ugly things (Abyss:4)
  A formless jellyfish (Vaults:1)
  4 deep elf demonologists
  Nessos (D:12)
  8 deep elf annihilators (Elf:3)
  A minotaur (Gauntlet)
  2 spark wasps
  3 merfolk javelineers (Shoals:4)
  A deep elf death mage (Elf:3)
  A crystal guardian (WizLab)
  Snorg (D:12)
  An ettin (Vaults:1)
  3 yaktaur captains (Vaults:1)
  4 merfolk impalers
  4 entropy weavers
  5 deep elf high priests (Elf:3)
  The ghost of GonguanaGonguana the Arsonist, a journeyman MeEE of Vehumet (Orc:2)
  A great orb of eyes (Vaults:1)
  7 vault guards
  2 rakshasas (Abyss:3)
  5 ogre magi
  An anaconda (shapeshifter) (Elf:3)
  2 jorogumos (Spider:4)
  9 peacekeepers
  5 hydras
  5 ironbound frosthearts (Vaults:1)
  7 radroaches
  A catoblepas (D:14)
  3 salamander tyrants (WizLab)
  8 two-headed ogres
  2 boulder beetles
  11 centaur warriors
  4 merfolk avatars
  3 satyrs
  18 dancing weapons
  6 alligator snapping turtles
  4 merfolk aquamancers (Shoals:4)
  2 tengu warriors (D:15)
  7 death yaks
  6 demonic crawlers
  10 thrashing horrors
  2 deep troll earth magi (Vaults:1)
  2 hell knights (Vaults:1)
  Nergalle (Orc:2)
  A skyshark (shapeshifter) (Vaults:1)
  A sun moth (Spider:4)
  12 deep elf knights
  3 wretched stars
  4 pharaoh ants (Spider:4)
  10 skeletal warriors
  14 deep trolls (Vaults:1)
  6 skysharks
  3 sea snakes
  12 orb spiders
  A shadow demon (Abyss:3)
  6 steelbarb worms
  A swamp dragon (Vaults:1)
  5 wizards
  11 harpies
  3 ironbound convokers (Vaults:1)
  A golden dragon skeleton (D:15)
  5 orc knights
  A phantasmal warrior (D:15)
  3 starcursed masses (Abyss:3)
  4 necromancers
  4 lindwurms (Vaults:1)
  A stone giant zombie (D:15)
  23 deep elf zephyrmancers
  6 wolf spider zombies (Spider:3)
  11 deep elf archers
  27 deep elf pyromancers
  4 cyclopes
  13 orc sorcerers
  30 wolf spiders
  An oklob plant (Gauntlet)
  9 ugly things
  2 salamanders (WizLab)
  A frost giant zombie (D:15)
  A cyclops (shapeshifter) (Vaults:1)
  2 moths of wrath (Spider:1)
  9 manticores
  A worldbinder (Gauntlet)
  17 fauns
  13 merfolk sirens
  13 large abominations
  3 vault sentinels (Vaults:1)
  4 elephants (Lair:2)
  An eye of devastation (Abyss:4)
  10 water nymphs
  6 black mambas
  3 smoke demons
  12 gargoyles
  2 ice statues (IceCv)
  6 torpor snails
  7 cane toads
  A spriggan zombie (D:15)
  4 rime drakes
  A yaktaur (shapeshifter) (D:14)
  A minotaur zombie (Gauntlet)
  A molten gargoyle (WizLab)
  An anaconda simulacrum (IceCv)
  10 komodo dragons
  4 unseen horrors
  A hellion (Gauntlet)
  A freezing wraith (Vaults:1)
  4 yaktaurs (Vaults:1)
  5 redback zombies
  A tengu conjurer (D:15)
  19 merfolk
  4 trolls
  2 ancient zymes (Abyss:4)
  3 meliai (Spider:2)
  7 polar bears
  14 hornets
  3 wind drakes
  The ghost of SigmundSlayer the Geomancer, an amateur DrEE of Gozag (D:3)
  8 snapping turtles
  4 tarantella zombies (Spider:3)
  10 blink frogs
  6 raiju (Abyss:3)
  45 tarantellas
  A meliai zombie (D:14)
  6 dream sheep
  6 culicivora zombies (Spider:3)
  9 slime creatures
  37 jumping spiders
  28 culicivoras
  4 shadows
  2 ynoxinuls
  2 air elementals
  3 wraiths
  5 vampires
  15 spriggans
  7 wyverns
  51 yaks
  17 humans (D:13)
  14 water elementals
  3 fire elementals
  5 basilisks
  3 neqoxecs (Abyss:4)
  A death yak simulacrum (IceCv)
  A chaos spawn (Abyss:4)
  2 steam dragons
  74 redbacks
  5 vampire mosquitoes
  2 wargs (Orc:2)
  3 acid dragons
  12 water moccasins
  2 small abominations (Abyss:4)
  2 floating eyes (Orc:1)
  A meliai simulacrum (D:14)
  A hell hound (Gauntlet)
  Duvessa (D:4)
  3 ice beasts
  16 orc warriors
  14 black bears
  2 sky beasts
  14 boggarts
  48 wolves
  7 ogres
  An ogre (shapeshifter) (D:14)
  15 centaurs
  2 phantoms
  2 elf zombies (Ossuary)
  A gnoll sergeant (D:10)
  2 scorpions
  2 kobold brigands
  11 bullfrogs
  A cane toad simulacrum (IceCv)
  17 wights
  Dowan (D:4)
  An elephant simulacrum (IceCv)
  A killer bee (D:7)
  5 howler monkeys
  11 centaur zombies
  A quasit (Abyss:3)
  4 human zombies (Ossuary)
  2 jellies (D:7)
  An iron imp (Abyss:3)
  3 hounds
  15 orc priests
  2 gnoll boudas
  3 iguanas
  A sleepcap (D:8)
  42 orc wizards
  11 hell rats
  2 lightning spires (WizLab)
  A hound zombie (Ossuary)
  3 mummies (Ossuary)
  Robin (D:4)
  17 gnolls
  A river rat (D:3)
  9 adders
  A shadow imp (D:3)
  5 white imps
  An ufetubus (D:5)
  2 adder zombies (Ossuary)
  3 worms
  3 dart slugs
  80 orcs
  12 ball pythons
  7 bats
  8 endoplasms
  3 giant cockroaches
  3 gnoll zombies (Ossuary)
  18 goblins
  11 hobgoblins
  3 quokkas
  10 frilled lizards
  6 goblin zombies (Ossuary)
  3 hobgoblin zombies (Ossuary)
  A jackal zombie (Ossuary)
  14 kobolds
  6 kobold zombies (Ossuary)
  An orc zombie (Ossuary)
  3 quokka zombies (Ossuary)
  10 rats
  A rat zombie (Ossuary)
  A lurking horror (Abyss:3)
  3 starspawn tentacles
  3 tentacles
1592 creatures vanquished.

Vanquished Creatures (collateral kills)
  A hydra (D:13)
  A boulder beetle (D:12)
  A death yak (Lair:4)
  A sea snake (Shoals:3)
  An elephant (Lair:2)
  An ice statue (IceCv)
  A cane toad (Lair:2)
  A shadow (D:14)
  3 yaks
  2 humans (D:13)
  A harpy simulacrum (IceCv)
  A centaur (D:14)
  A bullfrog (Lair:2)
  A cane toad simulacrum (IceCv)
  A hell rat (Lair:2)
  2 polar bear simulacra (IceCv)
20 creatures vanquished.

Vanquished Creatures (others)
  An ugly thing (IceCv)
  A manticore (Shoals:4)
  A jumping spider (Spider:2)
  A fire elemental (WizLab)
  A white imp (Gauntlet)
  An orc (Orc:2)
  3 starspawn tentacles
  9 tentacles
18 creatures vanquished.

Grand Total: 1630 creatures vanquished

Notes
Turn   | Place    | Note
-------+----------+-------------------------------------------
     0 | D:1      | frimble the Octopode Warper began the quest for the Orb.
     0 | D:1      | Reached XP level 1. HP: 14/14 MP: 3/3
   120 | D:1      | Reached skill level 1 in Stealth
   216 | D:1      | Reached XP level 2. HP: 10/19 MP: 5/5
   358 | D:1      | Found Vyett's Book Shoppe.
   406 | D:1      | Found Nick's Jewellery Boutique.
   423 | D:1      | Reached XP level 3. HP: 18/24 MP: 6/6
   426 | D:1      | Learned a level 2 spell: Blink
   478 | D:1      | Found Keaxzaf's Magic Scroll Shop.
   594 | D:1      | Found Ikhadu's Magic Scroll Shoppe.
   974 | D:2      | Found a sacrificial altar of Ru.
  1127 | D:2      | Reached XP level 4. HP: 25/29 MP: 7/7
  1446 | D:2      | Found Isyguoqo's Magic Scroll Shoppe.
  1995 | D:3      | Noticed a black bear
  2122 | D:3      | Reached XP level 5. HP: 31/34 MP: 8/8
  2315 | D:3      | Found a runed translucent door.
  2539 | D:3      | Noticed SigmundSlayer's ghost (amateur DrEE)
  2573 | D:3      | Found a runed translucent door.
  2947 | D:4      | Noticed Robin
  3053 | D:4      | Found a snail-covered altar of Cheibriados.
  3063 | D:4      | Became a worshipper of Cheibriados the Contemplative
  3088 | D:4      | Killed Robin
  3095 | D:4      | Found a sand-covered staircase.
  3164 | Ossuary  | Entered an ossuary
  3260 | Ossuary  | Reached skill level 5 in Stealth
  3260 | Ossuary  | Reached XP level 6. HP: 33/39 MP: 9/9
  3282 | Ossuary  | Reached * piety under Cheibriados
  3466 | Ossuary  | Reached XP level 7. HP: 32/45 MP: 10/10
  3682 | Ossuary  | Reached skill level 5 in Unarmed Combat
  3923 | D:4      | Noticed Dowan
  3959 | D:5      | Entered Level 5 of the Dungeon
  4138 | D:5      | Found an ancient bone altar of Kikubaaqudgha.
  4153 | D:5      | Reached ** piety under Cheibriados
  4175 | D:5      | Reached XP level 8. HP: 50/54 MP: 11/11
  4373 | D:6      | Identified the ring "Buezaal" {Fly rElec rC+ Slay+2}
  4422 | D:6      | Found a sacrificial altar of Ru.
  4428 | D:6      | Reached skill level 5 in Fighting
  4469 | D:6      | Reached skill level 1 in Evocations
  4586 | D:5      | Found Turag's Weapon Shop.
  4608 | D:5      | Found a staircase to the Ecumenical Temple.
  4753 | D:5      | Found a shimmering blue altar of Sif Muna.
  4895 | D:4      | Noticed Duvessa
  4910 | D:4      | Killed Duvessa
  4918 | D:4      | Killed Dowan
  4945 | D:4      | Found a glowing silver altar of Zin.
  5044 | D:4      | Found a hide-covered altar of Uskayaw.
  5081 | D:4      | Reached *** piety under Cheibriados
  5842 | D:6      | Reached XP level 9. HP: 60/61 MP: 12/12
  5992 | D:6      | Learned a level 5 spell: Blade Hands
  6045 | D:6      | Found a sparkling altar of Nemelex Xobeh.
  6375 | D:6      | Found a shadowy altar of Dithmenos.
  6385 | D:6      | Reached skill level 1 in Transmutations
  6518 | D:7      | Reached **** piety under Cheibriados
  6740 | D:7      | Found Rimoyck's One-of-a-Kind Rings.
  6867 | D:7      | Noticed a hornet
  6871 | D:7      | a hornet changed into a wyvern
  7190 | D:3      | Killed SigmundSlayer's ghost
  7191 | D:3      | Reached skill level 5 in Dodging
  7206 | D:3      | Identified the ring of Nuakill {rF+ Slay-3 SInv Stlth+}
  8058 | D:7      | Found a glowing golden altar of the Shining One.
  8219 | D:7      | Reached XP level 10. HP: 69/69 MP: 13/13
  8668 | D:8      | Reached ***** piety under Cheibriados
  9311 | D:8      | Reached skill level 1 in Invocations
 10264 | D:9      | Found a broken altar of Ashenzari.
 10433 | D:9      | Reached skill level 5 in Transmutations
 10988 | D:10     | Entered Level 10 of the Dungeon
 11003 | D:10     | Noticed a manticore
 11013 | D:10     | Killed a manticore
 11014 | D:10     | Reached XP level 11. HP: 64/75 MP: 9/14
 11409 | D:10     | Found Zaemp's Assorted Antiques.
 11426 | D:10     | Reached skill level 5 in Invocations
 11449 | D:10     | Bought a scroll labelled KAKHLA DOAME for 29 gold pieces
 11449 | D:10     | Bought a yellow potion for 26 gold pieces
 11449 | D:10     | Bought a sapphire potion for 26 gold pieces
 11637 | D:1      | Bought a scroll of blinking for 75 gold pieces
 11637 | D:1      | Bought a scroll of identify for 20 gold pieces
 11637 | D:1      | Bought a scroll of identify for 20 gold pieces
 11637 | D:1      | Bought a scroll of identify for 20 gold pieces
 11640 | D:1      | Bought 3 scrolls of identify for 60 gold pieces
 11681 | D:1      | Bought a scroll of identify for 26 gold pieces
 11681 | D:1      | Bought a scroll of identify for 26 gold pieces
 11681 | D:1      | Bought a scroll of identify for 26 gold pieces
 11681 | D:1      | Bought a scroll of identify for 26 gold pieces
 12143 | D:10     | Learned a level 1 spell: Apportation
 12197 | D:10     | Found a staircase to the Orcish Mines.
 12609 | D:11     | Noticed a boulder beetle
 12632 | D:11     | Killed a boulder beetle
 12632 | D:11     | Reached ****** piety under Cheibriados
 12885 | D:11     | Found a staircase to the Lair.
 12940 | D:11     | Reached skill level 5 in Translocations
 13025 | D:11     | Noticed a two-headed ogre
 13036 | D:11     | Killed a two-headed ogre
 13278 | D:11     | Reached XP level 12. HP: 81/81 MP: 7/16
 13443 | D:11     | Reached skill level 10 in Unarmed Combat
 13636 | D:11     | Identified the +9 great mace "Plog" {freeze, +Blink rElec
                  | Dex-2}
 13725 | D:11     | Learned a level 4 spell: Summon Lightning Spire
 13757 | Lair:1   | Entered Level 1 of the Lair of Beasts
 13761 | Lair:1   | Identified a scroll of acquirement
 13761 | Lair:1   | Acquired the +5 hat of the Apothecary {rPois SInv}
 13965 | Lair:1   | Reached skill level 1 in Summonings
 13965 | Lair:1   | Reached skill level 1 in Air Magic
 14210 | Lair:2   | Noticed a skyshark
 14235 | Lair:2   | Found a hole to the Spider Nest.
 14714 | Lair:2   | Noticed a skyshark
 15061 | Lair:2   | Reached skill level 10 in Stealth
 15699 | Lair:1   | Reached XP level 13. HP: 89/89 MP: 13/18
 16444 | Lair:3   | Found a bloodstained altar of Trog.
 16444 | Lair:3   | Noticed Pooter's ghost (journeyman MiBe)
 16486 | Lair:3   | Noticed Gastronok
 16507 | Lair:3   | Killed Gastronok
 16827 | Lair:3   | Found a transporter.
 16935 | Lair:3   | Found a transporter.
 16940 | Lair:3   | Learned a level 3 spell: Ozocubu's Armour
 17638 | Lair:4   | Reached skill level 1 in Ice Magic
 17896 | Lair:4   | Reached skill level 5 in Evocations
 18150 | Lair:4   | Reached skill level 10 in Dodging
 18451 | D:12     | Noticed Nessos
 18453 | D:12     | Killed Nessos
 18886 | D:12     | Noticed Snorg
 18895 | D:12     | Killed Snorg
 19507 | D:7      | Bought the ring "Feujoum" {Fly AC+4 Str+3 SInv} for 722
                  | gold pieces
 19628 | D:13     | Identified the +5 hand axe of Ihik {heavy, Str+2 Int-4
                  | Dex+3}
 19649 | D:13     | Reached skill level 5 in Ice Magic
 19763 | D:13     | Reached XP level 14. HP: 95/97 MP: 20/20
 20045 | D:13     | Found a gate to the Vaults.
 20800 | D:14     | Reached skill level 5 in Spellcasting
 21484 | D:14     | Reached skill level 10 in Fighting
 21616 | D:14     | Identified the +8 great mace "Dudoba Yvygh" {freeze, *Noise
                  | rF+ rCorr Int+3}
 22266 | D:14     | Reached XP level 15. HP: 103/104 MP: 15/24
 22338 | D:15     | Entered Level 15 of the Dungeon
 22997 | D:15     | Found a staircase to the Depths.
 23271 | D:15     | Found Puemai's Weapon Shoppe.
 23273 | D:15     | Found Keykh's Jewellery Boutique.
 23286 | D:15     | Found Geocioku's Jewellery Shoppe.
 24563 | Lair:5   | Entered Level 5 of the Lair of Beasts
 24569 | Lair:5   | Found a gate leading to a gauntlet.
 24592 | Gauntlet | Entered a Gauntlet
 24592 | Gauntlet | Found a transporter.
 24606 | Gauntlet | Found a runed translucent door.
 24606 | Gauntlet | Found a transporter.
 24608 | Gauntlet | Found a transporter.
 24608 | Gauntlet | Found a transporter.
 24646 | Gauntlet | Found a transporter.
 24647 | Gauntlet | Found a transporter.
 24647 | Gauntlet | Found a transporter.
 24671 | Gauntlet | Found a transporter.
 24733 | Gauntlet | Found a transporter.
 24733 | Gauntlet | Found a transporter.
 24740 | Gauntlet | Found a runed translucent door.
 24740 | Gauntlet | Found a runed translucent door.
 24743 | Gauntlet | Found a transporter.
 24744 | Gauntlet | Found a transporter.
 24753 | Gauntlet | Found a transporter.
 24765 | Gauntlet | Found a transporter.
 24799 | Gauntlet | Identified the +3 orcbow of the Butterfly {flame, rPois
                  | Str+3}
 24880 | Lair:5   | Found a frozen archway.
 24888 | IceCv    | Entered an ice cave
 25196 | IceCv    | Identified the +9 arbalest of Weak Innocence {freeze, Str+2
                  | Stlth+}
 25522 | Lair:5   | Reached XP level 16. HP: 46/113 MP: 24/27
 26351 | Lair:5   | Got the Almanac of Bombardment
 26563 | Lair:5   | Found a viscous altar of Jiyva.
 26563 | Lair:5   | Found a staircase to the Slime Pits.
 26875 | Orc:1    | Entered Level 1 of the Orcish Mines
 27444 | Orc:1    | Paralysed by an orc sorcerer for 2 turns
 27521 | Orc:1    | Learned a level 6 spell: Statue Form
 27563 | Orc:2    | Entered Level 2 of the Orcish Mines
 27636 | Orc:2    | Found a staircase to the Elven Halls.
 27743 | Orc:2    | Noticed Sonja
 27744 | Orc:2    | Sonja changed into Sonja the ice beast
 27744 | Orc:2    | Noticed Sonja
 27751 | Orc:2    | Killed Sonja the ice beast
 27975 | Orc:2    | Found Rewasill's Magic Scroll Boutique.
 27997 | Orc:2    | Bought a scroll of teleportation for 33 gold pieces
 28010 | Orc:2    | Found a radiant altar of Vehumet.
 28017 | Orc:2    | Paralysed by an ogre mage for 5 turns
 28018 | Orc:2    | Reached skill level 1 in Earth Magic
 28063 | Orc:2    | Found Notia's Antique Weapon Shop.
 28069 | Orc:2    | Noticed Nergalle
 28074 | Orc:2    | Killed Nergalle
 28079 | Orc:2    | Found an ancient bone altar of Kikubaaqudgha.
 28249 | Orc:2    | Found a runed translucent gate.
 28279 | Orc:2    | Found a runed translucent gate.
 28280 | Orc:2    | Found a runed translucent gate.
 28283 | Orc:2    | Noticed GonguanaGonguana's ghost (journeyman MeEE)
 28516 | Orc:2    | Reached skill level 10 in Invocations
 28517 | Orc:2    | Found Palupn's Magic Scroll Shop.
 28525 | Orc:2    | Paralysed by an orc sorcerer for 3 turns
 28532 | Orc:2    | Paralysed by an orc sorcerer for 3 turns
 28532 | Orc:2    | Gained mutation: Your magical capacity is low. (-10% MP) [a
                  | neqoxec]
 28736 | Orc:2    | Found Bovyeny's Jewellery Boutique.
 28971 | Orc:2    | Killed GonguanaGonguana's ghost
 29274 | Elf:1    | Entered Level 1 of the Elven Halls
 29281 | Elf:1    | Noticed an Executioner
 29284 | Elf:1    | Reached skill level 5 in Earth Magic
 29415 | Elf:1    | HP: 6/145 [deep elf zephyrmancer/bolt of lightning (3)]
 29458 | Elf:1    | Reached XP level 17. HP: 36/119 MP: 12/26
 29900 | Elf:1    | Got the Guide on the Barrage
 29925 | Elf:1    | Paralysed by an air elemental for 1 turns
 29960 | Elf:1    | Found Qaarr's General Store.
 30417 | Elf:2    | Found Zonnytaf's CLEARANCE SALE!.
 30902 | Elf:2    | Reached skill level 10 in Earth Magic
 31104 | Elf:2    | Found an ancient bone altar of Kikubaaqudgha.
 31245 | Elf:2    | Found a runed translucent gate.
 31246 | Elf:2    | Found a runed translucent gate.
 31246 | Elf:2    | Found a runed translucent gate.
 31365 | Elf:2    | Found Puhiqog's Armour Shoppe.
 31449 | Elf:3    | Entered Level 3 of the Elven Halls
 31511 | Elf:3    | Found a runed translucent door.
 31513 | Elf:3    | Noticed liarliar's ghost (adept GrEE)
 31541 | Elf:3    | Found a magical portal.
 31561 | WizLab   | Entered Maxwell's Workshop
 31731 | WizLab   | Found the +15 Maxwell's patent armour {-Cast -Tele rElec
                  | Will+ rCorr}
 31754 | WizLab   | Identified the ring "Qeuph" {Fire Str+5 Int+2}
 32050 | WizLab   | Identified the +9 scimitar of Zuystaoru {drain, rC+ Str+2}
 32058 | WizLab   | Noticed an electric golem
 32095 | WizLab   | Killed an electric golem
 32314 | WizLab   | Reached XP level 18. HP: 126/126 MP: 21/27
 32417 | WizLab   | Identified the +6 spear of Inconvenience {freeze, Str+3}
 32765 | Elf:3    | Noticed a deep elf master archer
 32767 | Elf:3    | Noticed a deep elf blademaster
 32768 | Elf:3    | Killed a deep elf master archer
 32769 | Elf:3    | Noticed a deep elf blademaster
 32772 | Elf:3    | Noticed a deep elf master archer
 32772 | Elf:3    | Killed a deep elf blademaster
 32772 | Abyss:3  | Cast into level 3 of the Abyss (a deep elf sorcerer)
 32835 | Abyss:3  | Found a corrupted altar of Lugonu.
 32927 | Abyss:3  | Found a corrupted altar of Lugonu.
 32985 | Abyss:3  | Found a corrupted altar of Lugonu.
 32993 | Abyss:3  | Found a corrupted altar of Lugonu.
 33047 | Elf:3    | Escaped the Abyss
 33050 | Elf:3    | Killed a deep elf blademaster
 33050 | Elf:3    | Killed a deep elf master archer
 33342 | Elf:3    | Identified the +9 short sword "Ehielyse" {flame, Will+}
 33342 | Elf:3    | Identified the amulet "Hemoen Xoul" {Spirit +Blink}
 33375 | Elf:3    | Identified the staff of cold "Laocoev" {rC+ rN++}
 33426 | Elf:3    | Found the dreamshard necklace {Acrobat *Dream}
 33441 | Elf:3    | Identified the ring "Oruvofex" {rF+ Dex+6 Slay-5 SInv
                  | Stlth+}
 33449 | Elf:3    | Identified the +11 dagger of the Girdle {freeze, rElec rF+
                  | Will+ Int+2}
 33500 | Elf:3    | Identified the +2 robe of Atheism {rC- Str+6 Stlth+}
 33527 | Elf:3    | Identified the +1 sling of Collusion {drain, Str+2}
 33789 | Elf:3    | Killed liarliar's ghost
 34046 | Spider:1 | Entered Level 1 of the Spider Nest
 34532 | Spider:1 | Reached XP level 19. HP: 134/134 MP: 27/29
 34594 | Spider:1 | Reached skill level 10 in Spellcasting
 35169 | Spider:1 | Found a hide-covered altar of Uskayaw.
 36939 | Spider:3 | Learned a level 2 spell: Passwall
 36967 | Spider:4 | Entered Level 4 of the Spider Nest
 37661 | Spider:4 | Reached XP level 20. HP: 141/141 MP: 31/31
 37702 | Spider:4 | Reached skill level 10 in Transmutations
 38440 | Spider:4 | Found the +2 pair of slick slippers {slick, slippery, EV+4}
 38598 | Spider:4 | Got a gossamer rune of Zot
 38824 | Shoals:1 | Entered Level 1 of the Shoals
 38833 | Shoals:1 | Reached skill level 15 in Dodging
 38934 | Shoals:1 | Reached skill level 15 in Unarmed Combat
 40192 | Shoals:3 | Noticed Ilsuiw
 40202 | Shoals:3 | Killed Ilsuiw
 40369 | Shoals:3 | Found Fetzul's Firing Range.
 40423 | Shoals:3 | Found Wiysig's Antique Weapon Emporium.
 41037 | Shoals:4 | Entered Level 4 of the Shoals
 41149 | Shoals:4 | Identified the +3 mace "Fyfeaffi" {speed, rC++}
 41247 | Shoals:4 | Reached skill level 15 in Fighting
 41331 | Abyss:3  | Cast into level 3 of the Abyss (merfolk impaler)
 41430 | Abyss:4  | Found a corrupted altar of Lugonu.
 41483 | Abyss:4  | Gained mutation: You are somewhat resistant to further
                  | mutation. [a neqoxec]
 41614 | Abyss:4  | Reached skill level 15 in Stealth
 41625 | Abyss:4  | Reached XP level 21. HP: 151/151 MP: 26/29
 41646 | Shoals:4 | Escaped the Abyss
 41792 | Shoals:4 | Got a barnacled rune of Zot
 42578 | Vaults:1 | Entered Level 1 of the Vaults
 43005 | Vaults:1 | Identified the +4 rapier of Xyugug {freeze, Stlth+}
 43628 | Vaults:1 | Paralysed by a floating eye for 4 turns
 43741 | Vaults:1 | Identified the +2 mace "Voneceli" {freeze, Int+2}
 43812 | Vaults:1 | Identified the +9 spear of Valylueps {venom, rF+ Str+2}
 43812 | Vaults:1 | Identified the ring of Departure {+Blink rPois AC+4 Int-2
                  | Slay+3}
 43820 | Vaults:1 | Identified the +11 glaive of the Special Hosts {vamp, rF+}
 43826 | Vaults:1 | Mangled by a deep troll earth mage

Illustrated notes

Levels and vault maps discovered:
D:1:      lightli_arrival_statue_moat, layout_basic, serial_shops, shop, shop,
          nicolae_shop_crystal, nicolae_shop_advertising_works
          [nicolae_subvault_shop_adworks], grunt_decor_cap
D:2:      layout_basic, basic_altar, serial_shops, nicolae_shop_crystal,
          serial_bayou_pond_d, minmay_lizard_pond
D:3:      layout_basic, ebering_ghost_sewer_f
D:4:      layout_basic, eat_drink_and_be_merry_uskayaw, general_overflow_altar,
          nicolae_overflow_crystal_walls, nicolae_ossuary_entry_plus,
          nicolae_figureground_pulse, uniq_duvessa, uniq_robin
D:5:      layout_rooms, mainiacjoe_overflow_24_doors,
          mainiacjoe_overflow_cross_hatched, minmay_temple_entry_gardened_gates,
          serial_shops, nicolae_stop_n_shop_2
D:6:      cheibrodos_helix_gallery, layout_loops_ring,
          nemelex_dance_club_becter, grunt_dithmenos_shadows,
          nicolae_ru_great_annihilating_truth, corner_web_ring
D:7:      layout_basic, nicolae_tso_swordbearing_angel,
          hangedman_abyss_or_decor_stabs, nicolae_shop_unique_rings,
          minmay_chambers_of_fives
D:8:      layout_layer_cave
D:9:      layout_long_grid, lemuel_doored_altar, serial_bayou_pond_c,
          dk_rats_in_the_wall
D:10:     layout_basic, orc_0_dummy, serial_shops,
          nicolae_shop_overgrown_old_shop, minmay_misc_feat_roman
D:11:     layout_cave_pools, due_lair_maze_entry_diamond
D:12:     layout_roguey, uniq_nessos, uniq_snorg
D:13:     layout_roguey, grunt_vaults_entry_tiered
D:14:     layout_irregular_city, serial_undead, serial_undead_f,
          serial_undead_a, serial_undead_d, serial_undead_e, serial_undead_b,
          serial_undead_f, serial_undead_a, minmay_misc_feat_encased
D:15:     gammafunk_depths_entry_grave, layout_rooms, grunt_decor_arrowhead,
          nicolae_wooded_promenade
Lair:1:   layout_gridlike, serial_bayou_shore_b, lemuel_fruit_fields
Lair:2:   layout_chaotic_city, dummy_spider_entry, st_stairs_8,
          eino_small_chamber_without_monster, lemuel_fruit_fields,
          serial_bayou_shore_b
Lair:3:   layout_cave_pods, nicolae_shoals_entry_flooding,
          gammafunk_ghost_wrathful_warriors, chequers_serial_rivers_room_a,
          forest_entry_grove, uniq_gastronok
Lair:4:   layout_cellular_growth
Lair:5:   minmay_lair_end_enchanted_forest, layout_cave_pods,
          dpeg_slime_entry_enclosed, portal_ice_cave_rime,
          gauntlet_entry_generic
Shoals:1: layout_shoals, yaktaur_hedge
Shoals:2: layout_shoals, nicolae_shoals_seven_spires,
          nicolae_shoals_lost_giant_pillars
Shoals:3: layout_shoals, serial_shops, shop, nicolae_shop_firing_range,
          uniq_ilsuiw
Shoals:4: shoals_end_grunt_garden, layout_shoals,
          nicolae_shoals_lost_giant_temple,
          nicolae_shoals_the_drawing_of_the_three
Spider:1: layout_spider_delve, nicolae_spider_altar_of_dancing
Spider:2: layout_spider_delve, drop_trap, hangedman_spider_tarantella_strand
Spider:3: lemuel_spider_zombies
Spider:4: spider_rune_water, nicolae_spider_claw_tunnel
Orc:1:    hellmonk_paralyzer, layout_caves
Orc:2:    kennysheep_orc_mage_school, layout_caves, ebering_ghost_rock_garden,
          uniq_sonja
Elf:1:    layout_rooms, serial_shops, nicolae_shop_crystal,
          minmay_elf_annihilation
Elf:2:    nicolae_elf_blades_crystal_corner, layout_onion_city, serial_shops,
          nicolae_shop_real_fake_doors, basic_altar, nicolae_shop_clearance
Elf:3:    minmay_elf_hall_spiked, layout_geoelf_diagonals,
          hellmonk_ghost_happy_afterlife, infiniplex_enter_wizlab_glasses
Vaults:1: st_greater_box_4, nicolae_vaults_closet_pinwheel_1,
          nicolae_vaults_network_quincunx
          [nicolae_vaults_network_quincunx_subvault,
          nicolae_vaults_network_quincunx_subvault,
          nicolae_vaults_network_quincunx_subvault,
          nicolae_vaults_network_quincunx_subvault,
          nicolae_vaults_network_quincunx_subvault], nicolae_vaults_diamond_1,
          v_alt_pattern_6, nicolae_vaults_frosty_reception,
          ontoclasm_vaults_fault, nicolae_vaults_diamond_2,
          grunt_vaults_hallway_short, ontoclasm_vaults_loading_screen,
          nicolae_vaults_angled_halls, vaults_room_fours,
          nicolae_vaults_doubleplus_tesselated, vaults_room_hallway,
          layout_vaults_omnibox

Skill      XL: |  1  2  3  4  5  6  7  8  9 10 11 12 13 14 15 16 17 18 19 20 21 |
---------------+----------------------------------------------------------------+-----
Stealth        | 1 2 3 4 5 6 8 9 10 11 13 14 15 16 | 16.3
Unarmed Combat | 3 4 5 6 7 8 9 10 11 12 13 14 15 16 | 16.2
Dodging        | 3 4 5 6 8 9 10 11 12 13 14 15 16 | 16.0
Fighting       | 4 5 6 7 8 9 10 11 12 13 14 15 | 15.8
Translocations | 4 5 |  5.0
Evocations     | 4 6 7 8 |  8.7
Transmutations | 3 5 6 7 8 9 10 | 10.0
Invocations    | 4 6 7 8 9 10 | 10.2
Spellcasting   | 3 4 6 7 8 9 11 12 | 12.7
Summonings     | 3 4 |  4.0
Air Magic      | 3 4 |  4.0
Ice Magic      | 5 |  5.4
Earth Magic    | 7 13 14 | 14.5
Throwing       | |  1.0

Action                     |  1- 3 |  4- 6 |  7- 9 | 10-12 | 13-15 | 16-18 | 19-21 || total
---------------------------+-------+-------+-------+-------+-------+-------+-------++-------
  Melee: Unarmed           |    83 |   206 |   252 |   347 |   635 |   675 |   942 ||  3140
         Constrict         |    27 |    55 |    61 |    54 |    95 |   176 |   219 ||   687
         Tentacles         |    18 |    46 |    66 |    79 |   182 |   191 |   315 ||   897
         Punch             |     2 |     6 |    15 |    28 |    59 |    71 |   142 ||   323
  Throw: Boomerang         |       |       |    26 |    31 |       |       |       ||    57
         Dart              |       |       |       |    14 |     2 |       |       ||    16
   Cast: Blink             |       |       |     6 |     7 |     9 |     4 |     6 ||    32
         Blade Hands       |       |       |       |    28 |    43 |     5 |       ||    76
         Summon Lightning  |       |       |       |    11 |    27 |     5 |     3 ||    46
         Apportation       |       |       |       |     8 |     5 |       |       ||    13
         Ozocubu's Armour  |       |       |       |       |    27 |     4 |       ||    31
         Statue Form       |       |       |       |       |       |    51 |    80 ||   131
 Invoke: Slouch            |       |       |       |     1 |     5 |     9 |     9 ||    24
         Temporal Distorti |       |       |       |       |     4 |       |       ||     4
         Step From Time    |       |       |       |       |       |     1 |     2 ||     3
Ability: End Transformatio |       |       |       |       |     4 |       |       ||     4
  Evoke: Wand              |       |       |     8 |     4 |     8 |     4 |    15 ||    39
         Tin of tremorston |       |       |       |       |       |     4 |     5 ||     9
         Lightning rod     |       |       |       |       |       |     4 |       ||     4
    Use: Scroll            |       |    11 |     4 |    13 |     7 |     3 |       ||    38
         Potion            |       |       |     3 |     2 |     1 |     6 |     1 ||    13
   Stab: Sleeping          |     6 |    20 |    16 |     6 |    27 |    21 |    31 ||   127
         Distracted        |       |       |     2 |     2 |    16 |     9 |     5 ||    34
 Armour: Skin              |     6 |    11 |     9 |    31 |   109 |   279 |   549 ||   994
  Dodge: Dodged            |    48 |   112 |   163 |   357 |   714 |  1030 |  2153 ||  4577
  Block: Other             |       |       |       |       |   150 |   151 |       ||   301
         Reflection        |       |       |       |       |     7 |    27 |       ||    34

Table legend: (Time is in decaauts)
 A = Elapsed time spent in this place.
 B = Non-inter-level travel time spent in this place.
 C = Inter-level travel time spent in this place.
 D = Time resting spent in this place.
 E = Time spent auto-exploring this place.
 F = Levels seen in this place.
 G = Mean time per level.
                   A        B        C        D        E       F      G
               +--------+--------+--------+--------+--------+-----+--------+
         Total |  68455 |  62706 |   5749 |    299 |  49670 |  41 | 1669.6 |
       Dungeon |  25609 |  22589 |   3020 |    212 |  18550 |  15 | 1707.3 |
          Lair |  11903 |  10623 |   1280 |      0 |   8969 |   5 | 2380.6 |
        Shoals |   6322 |   6044 |    278 |      0 |   4570 |   4 | 1580.5 |
   Spider Nest |   8573 |   7920 |    653 |      0 |   6253 |   4 | 2143.2 |
  Orcish Mines |   3924 |   3598 |    326 |     36 |   3018 |   2 | 1962.0 |
   Elven Halls |   5670 |   5482 |    188 |      0 |   4165 |   3 | 1890.0 |
        Vaults |   2314 |   2314 |      0 |      0 |   1774 |   1 | 2314.0 |
         Abyss |   1049 |   1049 |      0 |      0 |    526 |   3 |  349.7 |
       Ossuary |    727 |    727 |      0 |      0 |    483 |   1 |  727.0 |
      Ice Cave |    438 |    438 |      0 |     51 |    188 |   1 |  438.0 |
        Wizlab |   1576 |   1576 |      0 |      0 |   1105 |   1 | 1576.0 |
      Gauntlet |    346 |    346 |      0 |      0 |     67 |   1 |  346.0 |
               +--------+--------+--------+--------+--------+-----+--------+

Top non-repeatable levels by time:
  Lair:3: 3061 daAuts
Spider:4: 2769 daAuts
     D:7: 2742 daAuts
   Orc:2: 2673 daAuts
  Lair:2: 2548 daAuts
Spider:1: 2445 daAuts
  Lair:5: 2445 daAuts
    D:14: 2320 daAuts
Vaults:1: 2314 daAuts
     D:8: 2314 daAuts
    D:10: 2283 daAuts
   Elf:3: 2153 daAuts
Shoals:4: 1941 daAuts
  Lair:1: 1930 daAuts
  Lair:4: 1917 daAuts
